 Dungeon Crawl Stone Soup version 0.28-b1-1-g3c77fb2ed1 (webtiles) character file.

Game seed: 7058340409253910999

39281 comborobin the Brawler (level 13, 0/132 HPs)
             Began as a Troll Cinder Acolyte on Jan 30, 2022.
             Was a Believer of Ignis.
             Splashed by a brown ugly thing's acid (10 damage)
             ... on level 15 of the Dungeon.
             The game lasted 00:29:01 (10456 turns).

comborobin the Brawler (Troll Cinder Acolyte)      Turns: 10456, Time: 00:29:02

Health: 0/132      AC:  3    Str: 25    XL:     13   Next: 68%
Magic:  13/13      EV: 10    Int: 10    God:    Ignis [**....]
Gold:   390        SH: 14    Dex:  9    Spells: 13/14 levels left

rFire   + + .      SeeInvis .     - Unarmed
rCold   . . .      Faith    .   g - +0 kite shield
rNeg    . . .      Spirit   .   e - +1 troll leather armour {Pargi}
rPois   .          Reflect  +   (helmet restricted)
rElec   .          Harm     .   (no cloak)
rCorr   .          Rampage  .   (gloves unavailable)
Will    .....                   (boots unavailable)
Stlth   +.........              l - amulet of reflection
HPRegen 1.92/turn               t - +4 ring of protection
MPRegen 0.13/turn               z - ring of protection from fire

@: corroded, hasted, very quick
A: large, unfitting armour, claws 3, regeneration 1, shaggy fur 1, tough skin 1,
talons 2, noise suppression
a: Renounce Religion, Fiery Armour, Foxfire Swarm


You were on level 15 of the Dungeon.
You worshipped Ignis.
Ignis was pleased with you.
You visited 2 branches of the dungeon, and saw 16 of its levels.
You also visited: Ossuary.

You collected 532 gold pieces.
You spent 142 gold pieces at shops.

Inventory:

Hand Weapons
 f - a +1 dagger of venom
 j - a +1 scimitar of flaming
Missiles
 b - 19 poisoned darts (quivered)
 c - 3 boomerangs
 m - 4 atropa-tipped darts
 r - 5 large rocks
Armour
 a - a +0 robe
 e - a +1 troll leather armour (worn) {Pargi}
 g - a +0 kite shield (worn)
 H - +0 acid dragon scales
Jewellery
 l - an amulet of reflection (around neck)
 t - a +4 ring of protection (left claw)
 z - a ring of protection from fire (right claw)
Wands
 h - a wand of mindburst (21)
 u - a wand of paralysis (3)
 E - a wand of polymorph (12)
Scrolls
 k - 5 scrolls of identify
 o - a scroll of fog
 s - a scroll of vulnerability
 v - a scroll of amnesia
 x - 2 scrolls of immolation
 F - a scroll of magic mapping
Potions
 d - 2 potions of cancellation
 i - a potion of flight
 p - 2 potions of mutation
 A - 2 potions of ambrosia
Miscellaneous
 w - a phantom mirror


   Skills:
 + Level 9.6 Fighting
 - Level 3.0 Armour
 + Level 7.3 Dodging
 - Level 9.0 Shields
 + Level 16.1 Unarmed Combat
 - Level 1.0 Spellcasting
 - Level 2.1 Fire Magic


You had 13 spell levels left.
You knew the following spells:

 Your Spells              Type           Power      Damage    Failure   Level
A - Apportation           Tloc           0%         N/A       58%         1

Your spell library contained the following spells:

 Spells                   Type           Power      Damage    Failure   Level
 Scorch                   Fire           8%         2d5       43%         2
 Animate Skeleton         Necr           0%         N/A       58%         1
 Shock                    Conj/Air       0%         1d3       58%         1
 Summon Small Mammal      Summ           0%         N/A       58%         1
 Dazzling Flash           Conj/Hex       0%         N/A       92%         3
 Swiftness                Air            0%         N/A       92%         3
 Airstrike                Air            0%         N/A       100%        4
 Animate Dead             Necr           0%         N/A       100%        4
 Agony                    Necr           0%         N/A       100%        5
 Borgnjor's Vile Clutch   Necr/Erth      0%         N/A       100%        5
 Fireball                 Conj/Fire      1%         3d3       100%        5
 Iskenderun's Battlesphe  Conj           0%         2d6       100%        5
 Silence                  Hex/Air        0%         N/A       100%        5
 Conjure Ball Lightning   Conj/Air       0%         3x3d6     100%        6
 Death Channel            Necr           0%         N/A       100%        6
 Orb of Destruction       Conj           0%         9d5       100%        7
 Borgnjor's Revivificati  Necr           0%         N/A       100%        8
 Discord                  Hex            0%         N/A       100%        8
 Disjunction              Tloc           0%         N/A       100%        8
 Necromutation            Tmut/Necr      0%         N/A       100%        8
 Death's Door             Necr           0%         N/A       100%        9


Dungeon Overview and Level Annotations

Branches:
Dungeon (15/15)            Temple (0/1) D:5            Lair (0/6) D:10
    Orc (1/2) D:9          Vaults (0/5) D:14        Ossuary (visited)
 Depths: D:15

Altars:
Elyvilon
Fedhas
Hepliaklqana
Yredelemnul
The Shining One

Shops:
D:8 *(*   D:15 *

Portals:
Trove: D:10 (give 6 scrolls of fear)

Annotations:
D:9 exclusion: downstairs
D:14 exclusion: 3 doors


Innate Abilities, Weirdness & Mutations

You are too large for most types of armour.
You have claws for hands.
Your natural rate of healing is unusually fast.
You are covered in fur. (AC +1)
You have tough skin. (AC +1)
You have razor-sharp toenails.
You passively dampen the noise of your surroundings.


Message History

The brown ugly thing engulfs you but does no damage.
You block the efreet's attack.
Unknown command.
You claw the efreet! You claw the efreet, but do no damage.
The efreet is almost dead.
You block the brown ugly thing's attack.
The brown ugly thing gores you!
You are splashed with acid!
The efreet hits you with a +1 scimitar of flaming!
* * * LOW HITPOINT WARNING * * *
The efreet burns you.
* * * LOW HITPOINT WARNING * * *
Okay, then.
Okay, then.
You feel better.
You block the brown ugly thing's attack.
The efreet barely misses you.
You scratch the efreet but do no damage.
The efreet is almost dead.
You block the brown ugly thing's attack. x2
The efreet hits you with a +1 scimitar of flaming!
* * * LOW HITPOINT WARNING * * *
The efreet burns you.
* * * LOW HITPOINT WARNING * * *
The deep elf pyromancer mumbles some strange words.
The deep elf pyromancer blinks!
The brown ugly thing closely misses you.
You claw the efreet!
You kill the efreet!
The efreet dissolves into shadows!
The tengu conjurer gestures wildly while chanting.
The tengu conjurer conjures a globe of magical energy!
The boggart casts a spell.
The brown ugly thing gores you.
* * * LOW HITPOINT WARNING * * *
You are splashed with acid!
* * * LOW HITPOINT WARNING * * *
The brown ugly thing gores you!
* * * LOW HITPOINT WARNING * * *
The acid corrodes you!
You are splashed with acid!
You die...

#... . .# ##.#. .#.#.
....#.#.... ....∩...#
.......# #.☼#.#....
≈≈≈≈8..########g#u..#...
≈≈≈≈≈..##...c.QRuul...#.
≈≈≈≈≈..##...ccu'@ue.....
≈≈≈≈≈..##.c...*#########
8≈≈≈≈..##.c....#
≈≈≈≈≈..######)##
8≈≈≈≈.........#
≈≈≈≈≈†.######## ≈≈≈≈†..#
#### ≈≈≈≈≈..### #..#
≈≈≈≈8....###### #..#


You could see 5 ugly things, 5 yaktaurs, a deep elf pyromancer (summoned), an
efreet (summoned), a basilisk (summoned), a tengu conjurer (summoned), a boggart
and a battlesphere.

Vanquished Creatures
  Azrael (D:12)
  11 centaur warriors
  7 boulder beetles
  2 hydras
  2 two-headed ogres
  A fire crab (D:13)
  A fire crab (shapeshifter) (D:14)
  A skeletal warrior (D:13)
  3 wizards
  A necromancer (D:10)
  4 deep elf pyromancers
  A deep elf zephyrmancer (D:14)
  9 ugly things
  A manticore (D:13)
  A cyclops (D:14)
  A water nymph (D:13)
  An unseen horror (D:12)
  2 freezing wraiths
  A komodo dragon (D:9)
  2 tengu conjurers
  A meliai (D:14)
  10 trolls
  A meliai zombie (D:11)
  14 slime creatures
  A wind drake (shapeshifter) (D:15)
  2 vampires
  A water elemental (D:14)
  2 wraiths (D:12)
  A wyvern (D:8)
  3 fire elementals (D:12)
  A hog (shapeshifter) (D:13)
  Menkaure (D:5)
  A steam dragon (D:9)
  6 vampire mosquitoes
  A redback (D:14)
  An acid dragon (D:11)
  3 hell hounds (D:12)
  Pargi (D:2)
  3 black bears
  5 orc warriors
  3 boggarts (D:15)
  3 ogres
  15 centaurs
  An elf zombie (Ossuary)
  3 kobold brigands
  2 scorpions
  A gnoll sergeant (D:8)
  3 howler monkeys (D:9)
  8 wights (D:8)
  3 electric eels (D:15)
  A crimson imp (D:3)
  3 orc priests
  4 centaur zombies
  A hound (D:4)
  A human zombie (Ossuary)
  A bullfrog skeleton (D:5)
  12 orc wizards
  Natasha (twice) (D:3)
  4 yak simulacra (D:10)
  3 wolf simulacra (D:10)
  2 mummies (Ossuary)
  2 howler monkey zombies
  3 adders (D:4)
  An adder zombie (Ossuary)
  2 worms
  2 dart slugs
  25 orcs
  2 ball pythons
  3 endoplasms
  2 goblins
  A hobgoblin (D:4)
  3 bats (D:2)
  2 frilled lizards (D:3)
  A goblin zombie (D:3)
  11 hobgoblin zombies
  3 jackal zombies (Ossuary)
  13 kobolds
  13 kobold zombies
  7 orc zombies (Ossuary)
  A rat (D:2)
  3 rat zombies (Ossuary)
  4 river rat simulacra (D:10)
292 creatures vanquished.

Vanquished Creatures (others)
  49 foxfires
  9 plants
58 creatures vanquished.

Grand Total: 350 creatures vanquished

Notes
Turn   | Place    | Note
-------+----------+-------------------------------------------
     0 | D:1      | comborobin the Troll Cinder Acolyte began the quest for the
                  | Orb.
     0 | D:1      | Reached XP level 1. HP: 22/22 MP: 1/1
   175 | D:1      | Found a faded altar of an unknown god.
   204 | D:2      | Reached XP level 2. HP: 29/29 MP: 2/2
   343 | D:3      | Noticed Pargi
   376 | D:2      | Killed Pargi
   377 | D:2      | Reached skill level 5 in Unarmed Combat
   377 | D:2      | Reached XP level 3. HP: 36/36 MP: 3/3
   377 | D:2      | Reached XP level 4. HP: 44/44 MP: 4/4
   460 | D:3      | Noticed Natasha
   467 | D:3      | Killed Natasha
   494 | D:3      | Noticed Natasha
   505 | D:3      | Killed Natasha
   506 | D:3      | Reached XP level 5. HP: 48/50 MP: 5/5
   508 | D:3      | Reached skill level 6 in Unarmed Combat
   527 | D:3      | Found a glowing golden altar of the Shining One.
   636 | D:4      | Noticed an ogre
   645 | D:4      | Killed an ogre
   646 | D:4      | Reached XP level 6. HP: 59/59 MP: 6/6
   690 | D:4      | Reached skill level 7 in Unarmed Combat
   811 | D:5      | Entered Level 5 of the Dungeon
   827 | D:5      | Found a sand-covered staircase.
   836 | Ossuary  | Entered an ossuary
  1019 | Ossuary  | Reached skill level 8 in Unarmed Combat
  1152 | D:5      | Reached XP level 7. HP: 66/66 MP: 7/7
  1275 | D:5      | Found a blossoming altar of Fedhas.
  1416 | D:5      | Reached skill level 9 in Unarmed Combat
  1511 | D:5      | Found a staircase to the Ecumenical Temple.
  1751 | D:5      | Noticed Menkaure
  1762 | D:5      | Killed Menkaure
  1889 | D:6      | Reached XP level 8. HP: 74/74 MP: 8/8
  1971 | D:7      | Reached skill level 10 in Unarmed Combat
  2034 | D:8      | Found Setyd's Assorted Antiques.
  2063 | D:8      | Bought a scroll labelled BUMY UCHAIN for 26 gold pieces
  2063 | D:8      | Bought a scroll labelled FANESOEXKU for 26 gold pieces
  2063 | D:8      | Bought a scroll labelled VEGHIME GUJA for 26 gold pieces
  2290 | D:8      | Found a white marble altar of Elyvilon.
  2454 | D:8      | Found a basalt altar of Yredelemnul.
  2479 | D:8      | Reached skill level 11 in Unarmed Combat
  2554 | D:8      | Found Ypaor's Antique Weapon Boutique.
  2573 | D:8      | Found Anoeshre's General Store.
  2579 | D:8      | Bought a scroll of identify for 32 gold pieces
  2742 | D:8      | Noticed a two-headed ogre
  2789 | D:8      | Killed a two-headed ogre
  2790 | D:8      | Reached skill level 12 in Unarmed Combat
  2790 | D:8      | Reached XP level 9. HP: 76/80 MP: 9/9
  3179 | D:8      | Reached skill level 13 in Unarmed Combat
  3396 | D:9      | Learned a level 1 spell: Apportation
  3539 | D:9      | Found a staircase to the Orcish Mines.
  3590 | D:9      | Reached skill level 1 in Shields
  4204 | D:10     | Entered Level 10 of the Dungeon
  4204 | D:10     | Noticed a komodo dragon
  4275 | D:9      | Killed a komodo dragon
  4290 | Orc:1    | Entered Level 1 of the Orcish Mines
  4316 | Orc:1    | Noticed an ettin
  4346 | D:10     | Noticed a troll
  4360 | D:9      | Killed a troll
  4386 | D:10     | Noticed a troll
  4393 | D:10     | Killed a troll
  4394 | D:10     | Reached XP level 10. HP: 64/88 MP: 10/10
  4469 | D:10     | Reached skill level 5 in Shields
  4488 | D:10     | Reached skill level 1 in Dodging
  4618 | D:10     | Found a staircase to the Lair.
  4716 | D:10     | Found a portal to a secret trove of treasure.
  4871 | D:10     | Noticed a necromancer
  4892 | D:10     | Killed a necromancer
  5451 | D:11     | Noticed a boulder beetle
  5459 | D:11     | Noticed a centaur warrior
  5463 | D:11     | Killed a boulder beetle
  5474 | D:11     | Killed a centaur warrior
  5475 | D:11     | Reached XP level 11. HP: 50/101 MP: 11/11
  5477 | D:11     | Reached skill level 14 in Unarmed Combat
  5821 | D:12     | Noticed a deep elf pyromancer
  5840 | D:12     | Killed a deep elf pyromancer
  5902 | D:12     | Reached skill level 5 in Fighting
  6046 | D:12     | Noticed a deep elf pyromancer
  6053 | D:12     | Killed a deep elf pyromancer
  6236 | D:12     | Noticed Azrael
  6246 | D:12     | Killed Azrael
  6259 | D:12     | Reached skill level 5 in Dodging
  6281 | D:12     | Noticed a two-headed ogre
  6296 | D:12     | Killed a two-headed ogre
  6520 | D:13     | Noticed a centaur warrior
  6527 | D:13     | Killed a centaur warrior
  6527 | D:13     | Noticed a centaur warrior
  6659 | D:13     | Killed a centaur warrior
  6818 | D:12     | Reached skill level 15 in Unarmed Combat
  6947 | D:8      | Bought a scroll of identify for 32 gold pieces
  7086 | D:13     | Noticed a brown ugly thing
  7086 | D:13     | Noticed a death knight
  7106 | D:12     | Killed a brown ugly thing
  7113 | D:12     | Reached XP level 12. HP: 60/115 MP: 12/12
  7169 | D:13     | a death knight changed into a water nymph
  7595 | D:13     | Noticed a five-headed hydra
  7620 | D:13     | Noticed a centaur warrior
  7628 | D:13     | Killed a one-headed hydra
  7633 | D:13     | Killed a centaur warrior
  7775 | D:14     | Found a hazy altar of Hepliaklqana.
  7887 | D:14     | Noticed a centaur warrior
  7893 | D:14     | Killed a centaur warrior
  7894 | D:14     | Reached skill level 1 in Armour
  7898 | D:14     | Noticed a boulder beetle
  7919 | D:14     | Killed a boulder beetle
  8060 | D:14     | Noticed a boulder beetle
  8083 | D:14     | Noticed a boulder beetle
  8091 | D:14     | Noticed a centaur warrior
  8109 | D:14     | Gained mutation: You have sharp toenails. [potion of
                  | mutation]
  8109 | D:14     | Gained mutation: You passively dampen the noise of your
                  | surroundings. [potion of mutation]
  8109 | D:14     | Gained mutation: You have razor-sharp toenails. [potion of
                  | mutation]
  8114 | D:14     | HP: 6/120 [boulder beetle (22)]
  8116 | D:14     | HP: 1/120 [boulder beetle (15)]
  8121 | D:14     | Killed a boulder beetle
  8123 | D:14     | Killed a centaur warrior
  8837 | D:14     | Found a gate to the Vaults.
  9026 | D:14     | Killed a boulder beetle
  9076 | D:14     | Noticed a centaur warrior
  9076 | D:14     | Noticed a centaur warrior
  9079 | D:14     | Killed a centaur warrior
  9080 | D:14     | Reached XP level 13. HP: 128/128 MP: 13/13
  9296 | D:15     | Entered Level 15 of the Dungeon
 10321 | D:15     | Reached skill level 16 in Unarmed Combat
 10415 | D:15     | Found Bavaluex's General Store.
 10456 | D:15     | Splashed by a brown ugly thing's acid

Illustrated notes

Levels and vault maps discovered:
D:1:      amcnicky_arrival_abandoned_market, layout_basic, serial_shops, shop,
          basic_ecumenical_altar, st_stairs_4, minmay_three_crescents
D:2:      layout_basic, glass_columns_c, hex_tiny
D:3:      layout_basic, doesnt_xom_only_xom, grunt_temple_overflow_open,
          nicolae_tso_besieged_by_evil, serial_shops, shop, interstate_on_off,
          serial_park_tiny_2, hangedman_glass_teeth,
          chequers_hall_statues_wall_a, uniq_pargi, uniq_jessica, uniq_natasha
D:4:      layout_basic
D:5:      nicolae_cairo_tiling_large_dashed, layout_layer_cave,
          fedhas_ov_isle_minmay, lightli_ossuary_entry_decrepit_ruins,
          uniq_menkaure
D:6:      layout_gridville, kennysheep_path_1
D:7:      layout_rooms
D:8:      layout_basic, kennysheep_ying_yang, serial_shops, shop, shop, shop,
          minmay_increasing_density
D:9:      layout_basic, orc_0_dummy
D:10:     layout_long_grid, lair_entry_dummy, nicolae_trove_entry_crossroad,
          eino_house_with_fridge
D:11:     layout_loops_ring, nrook_mini_vaults,
          hellmonk_guarded_unrand_vitality_bloodlust
D:12:     layout_loops_corners, uniq_azrael
D:13:     layout_long_grid
D:14:     minmay_ornate_pinched, layout_irregular_city, david_vaults_1,
          kennysheep_cluttered_room, nicolae_hepliaklqana_hazy_memory
D:15:     gammafunk_enter_depths_forms, layout_basic, serial_shops,
          nicolae_shop_advertising_works [nicolae_subvault_shop_adworks],
          serial_park_fountain
Orc:1:    layout_caves

Skill      XL: |  1  2  3  4  5  6  7  8  9 10 11 12 13 |
---------------+----------------------------------------+-----
Unarmed Combat | 5 6 8 9 12 13 15 16 | 16.1
Shields        | 4 6 7 8 9 |  9.0
Dodging        | 3 5 7 |  7.3
Fighting       | 4 6 8 9 |  9.6
Armour         | 2 3 |  3.0
Spellcasting   | |  1.0
Fire Magic     | |  2.1

Action                   |  1- 3 |  4- 6 |  7- 9 | 10-12 | 13-15 || total
-------------------------+-------+-------+-------+-------+-------++-------
Melee: Unarmed           |    15 |   189 |   225 |   409 |   198 ||  1036
       Punch             |       |     9 |     3 |       |       ||    12
       Kick              |       |       |       |    25 |    72 ||    97
       Scimitar          |       |       |       |     9 |     9 ||    18
Throw: Dart              |       |     9 |     4 |    28 |    21 ||    62
Invok: Foxfire Swarm     |     1 |       |       |     2 |       ||     3
       Fiery Armour      |       |       |       |     3 |       ||     3
       Rising Flame      |       |       |       |     1 |       ||     1
Evoke: Wand              |       |       |     2 |    14 |    11 ||    27
       Phantom mirror    |       |       |       |     1 |       ||     1
  Use: Scroll            |       |     1 |     7 |    10 |       ||    18
       Potion            |       |       |     1 |    13 |     2 ||    16
 Stab: Paralysed         |       |       |       |    10 |       ||    10
Armor: Robe              |     7 |       |       |       |       ||     7
       Troll leather arm |       |    84 |    59 |   188 |    52 ||   383
Dodge: Dodged            |    10 |    61 |    65 |   128 |    55 ||   319
Block: Other             |       |       |    22 |       |       ||    22
       Kite shield       |       |       |    21 |   332 |   152 ||   505
       Reflection        |       |       |     2 |    37 |     6 ||    45
